 Dungeon Crawl Stone Soup version 0.21.1-1-g345015f (webtiles) character file.

34 shakethe the Chopper (level 3, -2/28 HPs)
             Began as a Formicid Warper on Feb 7, 2018.
             Slain by an adder (3 damage)
             ... on level 2 of the Dungeon.
             The game lasted 00:02:57 (1292 turns).

shakethe the Chopper (Formicid Warper)              Turns: 1292, Time: 00:02:58

Health: -2/28      AC:  3    Str: 15    XL:     3   Next: 50%
Magic:  6/6        EV: 12    Int: 12    God:
Gold:   64         SH:  0    Dex: 11    Spells: 6/6 levels left

rFire    + . .     SeeInvis +   a - +0 hand axe
rCold    + . .     Gourm    .   (no shield)
rNeg     . . .     Faith    .   b - +0 leather armour
rPois    +         Spirit   .   (helmet unavailable)
rElec    +         Reflect  .   (no cloak)
rCorr    +         Harm     .   (no gloves)
MR       .....                  (no boots)
Stlth    +.........             (no amulet)
HPRegen  0.09/turn              (no ring)
MPRegen  0.10/turn              (no ring)

@: lethally poisoned (-2 -> -6), resistant
A: permanent stasis, dig shafts and tunnels, four strong arms, antennae 3
a: Dig, Shaft Self


You were on level 2 of the Dungeon.
You were not hungry.

You visited 1 branch of the dungeon, and saw 2 of its levels.

You collected 64 gold pieces.

Inventory:

Hand Weapons
 a - a +0 hand axe (weapon)
Missiles
 e - 5 tomahawks of dispersal (quivered)
Armour
 b - a +0 leather armour (worn)
Scrolls
 d - a scroll of blinking
 h - a scroll of teleportation {unknown}
Potions
 k - a potion of agility {unknown}
Books
 c - a book of Spatial Translocations

   Spells                             Type                      Level
   a - Blink                          Translocation                2
   b - Shroud of Golubria             Charms/Translocation         2
   c - Lesser Beckoning               Translocation                3
   d - Gell's Gravitas                Translocation                3
   e - Teleport Other                 Translocation                3
   f - Passage of Golubria            Translocation                4
Comestibles
 f - 2 rations


   Skills:
 + Level 2.4 Fighting
 * Level 2.8 Axes
 - Level 1.0 Throwing
 + Level 1.3 Armour
 + Level 2.4 Dodging
 - Level 2.1 Spellcasting
   Level 2.6 Translocations


You had 6 spell levels left.
You didn't know any spells.

Dungeon Overview and Level Annotations

Branches:
Dungeon (2/15)

Altars:
Ashenzari


Innate Abilities, Weirdness & Mutations

You cannot be hasted, slowed, berserked, paralysed or teleported.
You can dig through walls and to a lower floor.
Your four strong arms can wield two-handed weapons with a shield.
You have a pair of large antennae on your head. (SInv)


Message History

The adder poisons you! The adder completely misses you.
It was a potion of resistance.
You feel protected.
You feel sick. The adder closely misses you.
You hit the adder but do no damage.
The adder is moderately wounded.
You feel sick. The adder barely misses you.
You miss the adder.
The adder is moderately wounded.
The adder bites you but does no damage. The adder bites you.
* * * LOW HITPOINT WARNING * * *
You miss the adder.
The adder is moderately wounded.
* * * LOW HITPOINT WARNING * * *
You feel sick. The adder bites you but does no damage. The adder bites you.
* * * LOW HITPOINT WARNING * * *
You closely miss the adder.
The adder is lightly wounded.
The adder bites you.
You die...

### #.# #.# ### #@#
##.# #S## #####..#
##..######.(....#
#...##.....####.###
#.#.#..##### #.##.
##.#.#.## ####....
#......# #.....##
#..##.### #.###.#
#..$ #.รท# #####.#
#.#


You could see an adder.

Vanquished Creatures
  An ooze (D:1)
  A dart slug (D:1)
  A leopard gecko (D:2)
  5 ball pythons
  A hobgoblin (D:1)
  4 jackals (D:1)
  5 bats
  A frilled lizard (D:1)
  5 kobolds
  4 rats
28 creatures vanquished.

Notes
Turn   | Place    | Note
-------+----------+-------------------------------------------
     0 | D:1      | shakethe the Formicid Warper began the quest for the Orb.
     0 | D:1      | Reached XP level 1. HP: 16/16 MP: 3/3
    46 | D:1      | Reached XP level 2. HP: 7/22 MP: 5/5
   477 | D:1      | Reached XP level 3. HP: 7/27 MP: 6/6
   948 | D:1      | Found a shattered altar of Ashenzari.
  1291 | D:2      | HP: 1/28 [adder (2)]
  1292 | D:2      | Slain by an adder

Skill      XL: |  1 |
---------------+----+-----
Dodging        | 2 |  2.4
Fighting       | |  2.4
Axes           | |  2.8
Throwing       | |  1.0
Armour         | |  1.3
Spellcasting   | |  2.1
Translocations | |  2.6

Action                   || total
-------------------------++-------
Melee: Hand axe          ||   120
  Use: Potion            ||     3
  Eat: Chunk             ||     1
Armor: Leather armour    ||    44
Dodge: Dodged            ||   114
